AoeStats
← GauchoSupay

Migration

506319574Analyzed
1v1 RM · 20d ago on Sep 13, 2026· 75m 47s· 2 players
Game mode
Random Map
Map size
132×132
Population
200
Speed
Normal
Resources
Standard
Victory
Conquest
Starting age
Dark Age
Ending age
Imperial Age
RankedLock teamsTeams togetherTeam positionsShared explorationLock speedFull tech treeHidden civsTurbo modeCheats
Victory
Defeat
🇲🇽 Saracens · Mexico
1122
+16
🇦🇷 Mongols · Argentina
1120
-34
GauchoSupay
9:32 Loom
12:07 Feudal Age
12:37 Fishing Lines
13:13 Double-Bit Axe
18:32 Castle Age
18:31 Gold Mining
19:41 Scale Barding Armor
21:13 Chain Barding Armor
22:03 Bow Saw
21:47 Gillnets
22:28 Forging
23:46 Bloodlines
27:03 Devotion
27:55 Iron Casting
31:50 Wheelbarrow
34:15 Town Watch
37:03 Imperial Age
36:05 Padded Archer Armor
36:08 Husbandry
36:30 Hand Cart
36:51 Stone Mining
37:37 Gold Shaft Mining
36:46 Horse Collar
38:19 Fletching
38:54 Conscription
38:26 Capped Ram
40:21 Blast Furnace
39:17 Light Cavalry
40:48 Bodkin Arrow
42:09 Leather Archer Armor
42:34 Heavy Plow
43:12 Stone Shaft Mining
42:59 Onager
45:02 Chemistry
44:00 Elite Skirmisher
44:44 Bracer
45:49 Cavalier
48:27 Hussar
50:29 Ballistics
57:14 Drill
60:20 Town Patrol
59:48 Heavy Camel Rider
64:34 Siege Ram
b1gFooot
10:30 Loom
12:36 Feudal Age
13:13 Town Watch
13:15 Double-Bit Axe
14:08 Wheelbarrow
17:26 Stone Mining
20:14 Castle Age
18:08 Gold Mining
21:20 Hand Cart
21:11 Fletching
38:10 Imperial Age
38:02 Horse Collar
38:47 Sanctity
38:39 Fervor
40:02 Illumination
39:53 Block Printing
43:11 Elite Mameluke
44:10 Block Printing
45:13 Conscription
45:53 Theocracy
46:13 Redemption
48:35 Heavy Plow
48:46 Bow Saw
49:23 Scale Barding Armor
49:29 Forging
49:15 Bodkin Arrow
49:20 Padded Archer Armor
50:08 Gold Shaft Mining
52:22 Husbandry
52:33 Bloodlines
51:43 Light Cavalry
52:46 Chain Barding Armor
53:01 Iron Casting
52:27 Bracer
52:42 Leather Archer Armor
53:17 Hussar
55:15 Two-Man Saw
56:04 Chemistry
55:24 Ballistics
54:29 Demolition Ship
57:06 Plate Barding Armor
58:19 Siege Engineers
59:18 Blast Furnace
61:11 Ring Archer Armor
Connection lost

Rejoining the realm…

Still unreachable

The connection could not be restored.

Session expired

The server has moved on; the page needs a fresh start.